 Dungeon Crawl Stone Soup version 0.17.1-3-g152610e (webtiles) character file.

198 ololoev the Chopper (level 5, 26/41 HPs)
             Began as a Demonspawn Fighter on Feb 18, 2016.
             Quit the game on level 5 of the Dungeon.
             The game lasted 00:05:35 (755 turns).

ololoev the Chopper (Demonspawn Fighter)             Turns: 755, Time: 00:05:35

Health: 26/41      AC: 10    Str: 17    XL:     5   Next: 47%
Magic:  5/5        EV:  9    Int: 10    God:
Gold:   123        SH:  4    Dex: 12    Spells: 0 memorised, 4 levels left

rFire  . . .     SeeInvis .     a - +0 war axe
rCold  . . .     Clarity  .     m - +0 scale mail (curse)
rNeg   . . .     SustAt   .     j - +0 buckler
rPois  .         Gourm    .     g - +2 helmet
rElec  .         Spirit   +     (no cloak)
rCorr  .         Warding  .     (no gloves)
rMut   .         Stasis   .     (no boots)
MR     .....                    (no amulet)
Stlth  ..........               (no ring)
                                (no ring)

@: not resistant to hostile enchantments, extremely unstealthy
A: spiny 1, magic shield, magic regeneration
a: no special abilities


Innate Abilities, Weirdness & Mutations

You are partially covered in sharp spines.
When hurt, damage is shared between your health and your magic reserves.
You regenerate magic rapidly.

Inventory:

Hand Weapons
 a - a +0 war axe (weapon)
Missiles
 b - 7 javelins (quivered)
Armour
 g - a +2 helmet (worn)
 j - a +0 buckler (worn)
 m - a cursed +0 scale mail (worn)
Scrolls
 c - a scroll of teleportation {unknown}
 f - a scroll of immolation {unknown}
 l - a scroll of identify {unknown}
Comestibles
 e - 5 bread rations


   Skills:
 - Level 3.0 Fighting
 * Level 4.3 Axes
 + Level 1.0 Throwing
 + Level 3.8 Armour
 - Level 2.6 Shields


You had 4 spell levels left.
You didn't know any spells.


You were on level 5 of the Dungeon.
You were not hungry.

You visited 1 branch of the dungeon, and saw 5 of its levels.

You collected 123 gold pieces.

#.>...# #.....#
#.....# #.....# ###
#.....# ..# # #####.#
# #.# .# #.# #.##.##.#
#.# #.......#
####.#.######@...#
#...(...)........#
...##.#.#####...#.....
#.#.# #..## .... # ..#
#...# ... .### ###!..
.. #. ...# . # #.## .#

Notes
Turn   | Place    | Note
--------------------------------------------------------------
     0 | D:1      | ololoev the Demonspawn Fighter began the quest for the Orb.
     0 | D:1      | Reached XP level 1. HP: 18/18 MP: 1/1
    85 | D:2      | Found a deep blue altar of Sif Muna.
    87 | D:2      | Found a shimmering altar of Xom.
    95 | D:2      | Gained mutation: When hurt, damage is shared between your health and your magic reserves. [demonic ancestry]
    95 | D:2      | Reached XP level 2. HP: 24/24 MP: 2/2
   395 | D:3      | Reached XP level 3. HP: 29/29 MP: 3/3
   498 | D:3      | Gained mutation: You regenerate magic rapidly. [demonic ancestry]
   498 | D:3      | Reached XP level 4. HP: 13/35 MP: 2/4
   583 | D:4      | Noticed a phantom
   659 | D:4      | Found Darphior's Jewellery Shoppe.
   724 | D:5      | Entered Level 5 of the Dungeon
   735 | D:5      | Noticed an ogre
   742 | D:5      | Killed an ogre
   742 | D:5      | Reached skill level 4 in Axes
   742 | D:5      | Reached skill level 1 in Throwing
   742 | D:5      | Gained mutation: You are partially covered in sharp spines. [demonic ancestry]
   742 | D:5      | Reached XP level 5. HP: 24/41 MP: 5/5
   755 | D:5      | Quit the game

Dungeon Overview and Level Annotations

Branches:
Dungeon (5/15)
 Temple: D:4-7

Altars:
Sif Muna
Xom

Shops:
D:4 =


Message History

The javelin barely misses the quokka zombie.
The javelin hits the ogre!
The ogre is heavily wounded.
Throwing (i - inventory):
b - 5 javelins (quivered)
Press: ? - help, Shift-Dir - straight line, f/p - ogre
Aim: an ogre, wielding a giant club (heavily wounded)
You throw a javelin. The javelin hits the quokka zombie!
You destroy the quokka zombie!
Throwing (i - inventory):
b - 4 javelins (quivered)
Press: ? - help, Shift-Dir - straight line, f/p - ogre
Aim: an ogre, wielding a giant club (heavily wounded)
You throw a javelin.
The javelin hits the ogre but does no damage.
The ogre is heavily wounded.
Throwing (i - inventory):
b - 3 javelins (quivered)
Press: ? - help, Shift-Dir - straight line, f/p - ogre
Aim: an ogre, wielding a giant club (heavily wounded)
You throw a javelin. The javelin hits the ogre.
The ogre is heavily wounded.
Throwing (i - inventory):
b - 2 javelins (quivered)
Press: ? - help, Shift-Dir - straight line, f/p - ogre
Aim: an ogre, wielding a giant club (heavily wounded)
You throw a javelin. The javelin hits the ogre.
The ogre is severely wounded.
You slash the ogre!
You kill the ogre!
Your Axes skill increases to level 4!
Your Throwing skill increases to level 1!
You have reached level 5!
Your demonic ancestry asserts itself...
Sharp spines emerge from parts of your body.
Things that are here:
a giant club; an ogre corpse
b - 2 javelins (gained 1)
b - 3 javelins (gained 1)
Found a brown potion.
b - 5 javelins (gained 2)
b - 6 javelins (gained 1)
b - 7 javelins (gained 1) Are you sure you want to abandon this character and quit the game? (Confirm with "yes".)

There were no monsters in sight!

Vanquished Creatures
  An ogre (D:5)
  A worker ant (D:3)
  4 gnolls (D:4)
  2 adders
  An ooze (D:3)
  A worm (D:2)
  A giant gecko (D:3)
  An orc (D:3)
  A giant cockroach (D:4)
  4 hobgoblins
  4 jackals (D:3)
  A kobold (D:3)
  2 quokkas
  A ball python (D:4)
  3 bats
  3 giant newts
  5 goblins
  A quokka zombie (D:5)
  2 rats (D:3)
39 creatures vanquished.

Action                   |  1- 3 |  4- 6 || total
-------------------------+-------+-------++-------
Melee: War axe           |    71 |    38 ||   109
Throw: Javelin           |       |    13 ||    13
  Use: Potion            |     1 |     4 ||     5

Vault maps used:
D:1:      dpeg_arrival_lava_temple_mockup, item_on_display_a
D:2:      lemuel_upstairs_altar, lemuel_crystal_altar,
          grunt_temple_overflow_open, first_bread
D:3:      kennysheep_pointless_box
D:4:      serial_shops, shop, uniq_edmund
D:5:      portal_sewer_entry_d, uniq_eustachio, uniq_menkaure, uniq_pikel
